 Dungeon Crawl Stone Soup version 0.21.1-1-g345015fe64 (webtiles) character file.

777 Ivernyr the Charmwright (level 8, -1/56 HPs)
             Began as a Human Skald on June 7, 2018.
             Slain by an ogre
             ... wielding a +0 giant club
              (19 damage)
             ... on level 4 of the Dungeon.
             The game lasted 00:14:21 (4493 turns).

Ivernyr the Charmwright (Human Skald)               Turns: 4493, Time: 00:14:21

Health: -1/56      AC:  8    Str: 11    XL:     8   Next: 10%
Magic:  8/11       EV: 11    Int: 14    God:
Gold:   444        SH:  0    Dex: 15    Spells: 6/11 levels left

rFire    . . .     SeeInvis .   a - +1 falchion (elec)
rCold    . . .     Gourm    .   (no shield)
rNeg     . . .     Faith    .   b - +0 ring mail
rPois    .         Spirit   .   (no helmet)
rElec    .         Reflect  .   p - +0 cloak
rCorr    .         Harm     .   (no gloves)
MR       .....                  n - +0 pair of boots
Stlth    +.........             o - amulet of magic regeneration
HPRegen  0.18/turn              C - ring of flight
MPRegen  0.37/turn              (no ring)

@: very slightly contaminated
A: no striking features
a: Evoke Flight


You were on level 4 of the Dungeon.
You were very hungry.

You visited 1 branch of the dungeon, and saw 5 of its levels.
You also visited: Ossuary.

You collected 444 gold pieces.

Inventory:

Hand Weapons
 a - a +1 falchion of electrocution (weapon)
Armour
 b - a +0 ring mail (worn)
 n - a +0 pair of boots (worn)
 p - a +0 cloak (worn)
Jewellery
 o - an amulet of magic regeneration (around neck)
 C - a ring of flight (left hand)
Scrolls
 e - 3 scrolls of immolation {unknown}
 g - a scroll of enchant armour {unknown}
 j - 2 scrolls of enchant weapon {unknown}
 k - a scroll of magic mapping {unknown}
 l - 6 scrolls of identify {unknown}
 m - 2 scrolls of remove curse {unknown}
 q - 2 scrolls of random uselessness {unknown}
 y - a scroll of summoning {unknown}
 z - a scroll of fear {unknown}
 B - a scroll of teleportation {unknown}
Potions
 f - 3 potions of flight {unknown}
 h - 3 potions of heal wounds {unknown}
 i - 6 potions of curing {unknown}
 r - 3 potions of might {unknown}
 s - a potion of agility {unknown}
 t - a potion of lignification {unknown}
 u - a potion of berserk rage {unknown}
 v - a potion of haste {unknown}
 w - a potion of magic {unknown}
 x - 2 potions of ambrosia {unknown}
 A - a potion of degeneration {unknown}
 D - a potion of mutation {unknown}
 E - a potion of brilliance {unknown}
Books
 c - a book of Battle

   Spells                             Type                      Level
   a - Infusion                       Charms                       1
   b - Shroud of Golubria             Charms/Translocation         2
   c - Song of Slaying                Charms                       2
   d - Spectral Weapon                Hexes/Charms                 3
   e - Regeneration                   Charms/Necromancy            3
Comestibles
 d - 7 rations


   Skills:
 - Level 2.0 Fighting
 - Level 2.0 Long Blades
 * Level 5.1 Throwing
 + Level 3.7 Armour
 - Level 2.0 Dodging
 - Level 2.0 Spellcasting
 * Level 6.2 Charms


You had 6 spell levels left.
You knew the following spells:

 Your Spells              Type           Power        Failure   Level  Hunger
a - Shroud of Golubria    Chrm/Tloc      ##........   22%         2    ###....
b - Song of Slaying       Chrm           ###.....     6%          2    ###....
c - Infusion              Chrm           ###.         4%          1    ##.....


Dungeon Overview and Level Annotations

Branches:
Dungeon (5/15)
 Temple: D:4-7

Altars:

Shops:
D:4 [[


Message History

Your shroud unravels.
The ogre hits you with a giant club!
You climb upwards.
There is a stone staircase leading down here.
Casting: Shroud of Golubria
Confirm with . or Enter, or press ? or * to list all spells.
You miscast Shroud of Golubria.
You are very lightly contaminated with residual magic.
You feel a wrenching sensation.
Casting: Shroud of Golubria
Confirm with . or Enter, or press ? or * to list all spells.
Space distorts slightly along a thin shroud covering your body.
The ogre hits you with a giant club!!
You hit the ogre. Lightning courses through the ogre!
The ogre is heavily wounded.
The ogre closely misses you.
You closely miss the ogre.
The ogre is heavily wounded.
The ogre hits you with a giant club!!
You die...

......#...#########...(..........
......#...##......#..............
......'...#.......#.............8
......#...#.......#.......)......
......#...#.......#..............
......#...#####'################'
......#...##......##.............
......#.........O................
......#.........@................
#######....................##....
.....##...##......##.......##....
#....##...##......###########....
#.........##......##........#....
#....##.....................#....
#######.....................#<...
# #.....................###### #
#######......##########.....


You could see an ogre.

Vanquished Creatures
  The ghost of Jens78 the Insei, an amateur OpTm (D:3)
  A phantom (D:4)
  A big kobold (D:4)
  A scorpion (D:4)
  A crimson imp (D:3)
  2 orc priests (D:2)
  2 orc wizards
  Terence (D:3)
  A worker ant (D:4)
  8 mummies (Ossuary)
  7 adders
  An ooze (D:3)
  A worm (D:2)
  A dart slug (D:3)
  4 leopard geckos (D:4)
  13 orcs
  3 ball pythons
  3 bats
  3 giant cockroaches
  A gnoll zombie (Ossuary)
  A goblin (D:3)
  4 hobgoblins
  7 jackals
  8 kobolds
  2 quokkas
  2 hobgoblin zombies (Ossuary)
  3 kobold zombies (Ossuary)
  2 orc zombies (Ossuary)
  6 rats
  A bush (D:4)
  3 plants (D:4)
95 creatures vanquished.

Notes
Turn   | Place    | Note
-------+----------+-------------------------------------------
     0 | D:1      | Ivernyr the Human Skald began the quest for the Orb.
     0 | D:1      | Reached XP level 1. HP: 16/16 MP: 3/3
   791 | D:2      | Reached XP level 2. HP: 22/22 MP: 5/5
   824 | D:2      | Learned a level 2 spell: Song of Slaying
   827 | D:2      | Learned a level 2 spell: Shroud of Golubria
   930 | D:2      | Reached skill level 1 in Throwing
  1419 | D:2      | Reached XP level 3. HP: 26/27 MP: 6/6
  1816 | D:2      | Reached XP level 4. HP: 32/33 MP: 2/7
  2366 | D:3      | Noticed Jens78's ghost (amateur OpTm)
  2396 | D:3      | Killed Jens78's ghost
  2396 | D:3      | Reached skill level 4 in Charms
  2396 | D:3      | Reached XP level 5. HP: 38/38 MP: 5/8
  2408 | D:2      | Reached XP level 6. HP: 31/44 MP: 5/9
  2860 | D:3      | Reached skill level 5 in Charms
  2964 | D:3      | Noticed Terence
  2969 | D:3      | Killed Terence
  3114 | D:4      | Noticed a phantom
  3130 | D:4      | Killed a phantom
  3130 | D:4      | Reached XP level 7. HP: 37/50 MP: 10/10
  3285 | D:4      | Found Vetsupn's Armour Shoppe.
  3375 | D:4      | Found a sand-covered staircase.
  3384 | Ossuary  | Entered an ossuary
  3888 | D:4      | Reached skill level 6 in Charms
  3891 | D:4      | Reached XP level 8. HP: 49/56 MP: 11/11
  4077 | D:4      | Reached skill level 5 in Throwing
  4130 | D:4      | Found Taupupi's Antique Armour Emporium.
  4452 | D:5      | Entered Level 5 of the Dungeon
  4493 | D:4      | Slain by an ogre

Skill      XL: |  1  2  3  4  5  6  7  8 |
---------------+-------------------------+-----
Throwing       | 1 2 3 4 5 |  5.1
Armour         | 2 3 |  3.7
Charms         | 4 5 6 |  6.2
Fighting       | |  2.0
Long Blades    | |  2.0
Dodging        | |  2.0
Spellcasting   | |  2.0

Action                   |  1- 3 |  4- 6 |  7- 9 || total
-------------------------+-------+-------+-------++-------
Melee: Falchion          |    58 |   130 |   165 ||   353
 Cast: Shroud of Golubri |     6 |    11 |    11 ||    28
       Song of Slaying   |       |       |     3 ||     3
  Eat: Chunk             |     3 |     6 |     5 ||    14
Armor: Leather armour    |     2 |       |       ||     2
       Ring mail         |    15 |    51 |    34 ||   100
Dodge: Dodged            |    30 |    70 |    80 ||   180
       Rpst.: Falchion   |    10 |    19 |    24 ||    53
